 Dungeon Crawl Stone Soup version 0.31-a0-1499-ge0622b2318 (webtiles) character file.

Game seed: 15678814512864327583

258364 Khashishi the Lord of Darkness (level 18, -5/150 (151) HPs)
             Began as a Demonspawn Wanderer on Apr 19, 2023.
             Was the Champion of Kikubaaqudgha.
             Slain by a vampire knight
             ... wielding a +0 glaive
              (13 damage)
             ... on level 2 of the Depths on Dec 30, 2023.
             The game lasted 05:36:42 (26568 turns).

Khashishi the Lord of Darkness (DsWn)              Turns: 26568, Time: 05:36:43

HP:   -5/150 (151)  AC: 15    Str: 22    XL:     18   Next: 85%
MP:   6/36          EV: 13    Int: 27    God:    Kikubaaqudgha [******]
Gold: 1543          SH:  8    Dex: 18    Spells: 3/45 levels left

rFire   + + .        C - +9 hand axe of the Inviting Firefly {speed, rElec Str+3 Dex+3}
rCold   + + .        e - +2 buckler
rNeg    + + .        O - +0 troll leather armour
rPois   +            (helmet unavailable)
rElec   +            p - +2 cloak
rCorr   +            X - +0 pair of gloves
SInv    .            F - +2 pair of boots
Will    ++++.        W - amulet of regeneration
Stlth   +            U - ring "Lyz Esh" {rElec rF+ rN+ Str+2 Int+4}
HPRegen 2.05/turn    R - ring "Ixihima" {rN+ Will+ Int+5 Dex+3}
MPRegen 0.50/turn

%: no passive effects
@: brilliant, resistant, animating dead, enlightened, flying, hasted, studying
Summonings, lightly drained, invisible, very quick
A: horns 3, icy blue scales 3, foul stench 2, magic regeneration, demonic
willpower
}: 2/15 runes: barnacled, gossamer
a: Renounce Religion, Unearth Wretches, Torment


You were on level 2 of the Depths.
You worshipped Kikubaaqudgha.
Kikubaaqudgha was exalted by your worship.
You visited 7 branches of the dungeon, and saw 33 of its levels.
You also visited: Gauntlet and Ice Cave.

You collected 4585 gold pieces.
You spent 3042 gold pieces at shops.

Inventory:

Hand Weapons
 C - the +9 hand axe of the Inviting Firefly (weapon) {speed, rElec Str+3 Dex+3}
   (You bought it in a shop on level 3 of the Dungeon)

   Str+3:     It affects your strength (+3).
   Dex+3:     It affects your dexterity (+3).
   rElec:     It insulates you from electricity.
Missiles
 l - 2 throwing nets
 A - 5 curare-tipped darts (quivered)
Armour
 e - a +2 buckler (worn)
 p - a +2 cloak (worn)
 s - the +0 robe "Inobb" {rPois rF- MP+9 Dex+5}
   (You found it on level 4 of the Spider Nest)

   Dex+5:     It affects your dexterity (+5).
   rF-:       It makes you vulnerable to fire.
   rPois:     It protects you from poison MP+9: It affects your magic capacity
   (+9).
 F - a +2 pair of boots (worn)
 H - the +5 pearl dragon scales of Benniri {Rampage +Inv rC++ rN+ Str-5}
   (You took it off a minotaur in a Gauntlet)

   Str-5:     It affects your strength (-5).
   rC++:      It greatly protects you from cold.
   rN+:       It protects you from negative energy.
   +Inv:      It lets you turn invisible.
   Rampage:   It bestows one free step when moving towards enemies.
 O - a +0 troll leather armour (worn)
 X - a +0 pair of gloves (worn)
Magical Staves
 r - a staff of death
 G - a staff of alchemy
Jewellery
 R - the ring "Ixihima" (right hand) {rN+ Will+ Int+5 Dex+3}
   (You found it in a Gauntlet)

   [ring of positive energy]

   Int+5:     It affects your intelligence (+5).
   Dex+3:     It affects your dexterity (+3).
   rN+:       It protects you from negative energy.
   Will+:     It increases your willpower.
 U - the ring "Lyz Esh" (left hand) {rElec rF+ rN+ Str+2 Int+4}
   (You acquired it on level 3 of the Lair of Beasts)

   [ring of positive energy]

   Str+2:     It affects your strength (+2).
   Int+4:     It affects your intelligence (+4).
   rF+:       It protects you from fire.
   rElec:     It insulates you from electricity.
   rN+:       It protects you from negative energy.
 W - an amulet of regeneration (around neck)
Wands
 b - a wand of mindburst (11)
 m - a wand of roots (12)
 D - a wand of flame (57)
 J - a wand of digging (1)
 M - a wand of charming (23)
 V - a wand of quicksilver (10)
Scrolls
 a - 3 scrolls of brand weapon
 d - a scroll of enchant weapon
 f - 2 scrolls of immolation
 h - 3 scrolls of fear
 i - 6 scrolls of teleportation
 o - a scroll of silence
 u - a scroll of torment
 v - 4 scrolls of vulnerability
 y - 5 scrolls of blinking
 K - 2 scrolls of amnesia
 L - a scroll of revelation
 N - a scroll of butterflies
 P - 5 scrolls of fog
Potions
 c - 13 potions of curing
 g - 2 potions of might
 j - 4 potions of invisibility
 k - a potion of cancellation
 n - 7 potions of enlightenment
 t - a potion of brilliance
 z - 3 potions of haste
 E - 8 potions of mutation
 I - 2 potions of resistance
 Q - 5 potions of ambrosia
 T - 4 potions of lignification
 Z - 5 potions of magic
Miscellaneous
 x - a lightning rod (4/4)
 S - a phial of floods
 Y - a box of beasts


   Skills:
 - Level 16.0 Fighting
 - Level 13.6(14.0) Axes
 - Level 4.6(10.0) Maces & Flails
 - Level 6.7 Armour
 - Level 4.0 Dodging
 - Level 6.0 Shields
 + Level 14.3 Spellcasting
 + Level 14.2 Summonings
 + Level 20.2 Necromancy
 - Level 4.0 Translocations
 - Level 2.0 Air Magic
 - Level 3.2 Earth Magic
 - Level 2.1 Evocations


You had 3 spell levels left.
You knew the following spells:

 Your Spells              Type           Power      Damage    Failure   Level
a - Borgnjor's Vile Clut  Necr/Erth      45%        N/A       1%          5
b - Blink                 Tloc           100%       N/A       1%          2
c - Vampiric Draining     Necr           100%       2d13      0%          3
d - Animate Dead          Necr           100%       N/A       0%          4
e - Dispel Undead         Necr           100%       3d31      0%          4
f - Martyr's Knell        Necr/Summ      100%       N/A       1%          4
g - Curse of Agony        Necr           100%       N/A       1%          5
h - Haunt                 Necr/Summ      53%        N/A       2%          7
s - Sublimation of Blood  Necr           100%       N/A       0%          2
D - Death Channel         Necr           57%        N/A       1%          6

Your spell library contained the following spells:

 Spells                   Type           Power      Damage    Failure   Level
 Necrotise                Necr           100%       1d9       0%          1
 Summon Small Mammal      Summ           100%       N/A       0%          1
 Kiss of Death            Conj/Necr      100%       2d13      1%          1
 Sandblast                Erth           100%       2d20      1%          1
 Lesser Beckoning         Tloc           100%       N/A       1%          2
 Call Canine Familiar     Summ           97%        N/A       1%          3
 Summon Ice Beast         Ice/Summ       72%        N/A       1%          3
 Shock                    Conj/Air       100%       1d9       2%          1
 Gell's Gravitas          Tloc           57%        N/A       2%          3
 Teleport Other           Tloc           57%        N/A       2%          3
 Mercury Vapours          Alch/Air       74%        N/A       3%          2
 Passwall                 Erth           53%        N/A       3%          3
 Swiftness                Air            45%        N/A       4%          3
 Ensorcelled Hibernation  Hex/Ice        58%        N/A       5%          2
 Jinxbite                 Hex            58%        N/A       5%          2
 Scorch                   Fire           58%        2d7       5%          2
 Stone Arrow              Conj/Erth      84%        3d12      6%          3
 Mephitic Cloud           Conj/Alch/Air  34%        N/A       9%          3
 Confusing Touch          Hex            29%        N/A       11%         3
 Ozocubu's Armour         Ice            29%        N/A       11%         3
 Summon Blazeheart Golem  Fire/Summ      72%        N/A       1%          4
 Summon Lightning Spire   Summ/Air       76%        N/A       1%          4
 Summon Cactus Giant      Summ           48%        N/A       1%          6
 Summon Mana Viper        Hex/Summ       72%        N/A       5%          5
 Borgnjor's Revivificati  Necr           57%        N/A       6%          8
 Infestation              Necr           57%        N/A       6%          8
 Manifold Assault         Tloc           57%        N/A       7%          4
 Monstrous Menagerie      Summ           48%        N/A       10%         7
 Airstrike                Air            22%        2d(4-20)  16%         4
 Petrify                  Alch/Erth      42%        N/A       19%         4
 Lee's Rapid Deconstruct  Erth           26%        3d14*     26%         5
 Flame Wave               Conj/Fire      29%        2d9       36%         4
 Freezing Cloud           Conj/Ice/Air   17%        6-21      61%         5
 Death's Door             Necr           57%        N/A       67%         9
 Metabolic Englaciation   Hex/Ice        14%        N/A       71%         5
 Yara's Violent Unravell  Hex/Alch       14%        3d7       71%         5
 Spellforged Servitor     Conj/Summ      36%        N/A       86%         7
 Bombard                  Conj/Erth      21%        9d4       96%         6
 Conjure Ball Lightning   Conj/Air       18%        3x3d6     98%         6
 Sculpt Simulacrum        Ice/Alch       14%        N/A       99%         6
 Enfeeble                 Hex            14%        N/A       100%        7
 Orb of Destruction       Conj           14%        9d7       100%        7
 Discord                  Hex            14%        N/A       100%        8
 Disjunction              Tloc           28%        N/A       100%        8


Dungeon Overview and Level Annotations

Branches:
Dungeon (15/15)            Temple (1/1) D:7            Lair (5/5) D:11
 Shoals (4/4) Lair:2       Spider (4/4) Lair:2        Slime (0/5) Lair:4
    Orc (2/2) D:12            Elf (0/3) Orc:2        Vaults (0/5) D:14
 Depths (2/4) D:15          IceCv (visited)         Gauntlet (visited)

Altars:
Ashenzari
Cheibriados
Dithmenos
Fedhas
Gozag
Hepliaklqana
Kikubaaqudgha
Makhleb
Nemelex Xobeh
Okawaru
Qazlal
Ru
Sif Muna
Trog
Uskayaw
Vehumet
Wu Jian
Xom
Yredelemnul
Jiyva

Shops:
D:3 ?[(**[   Orc:2 *(=[:   Shoals:3 *:   Depths:1 *:

Portals:
Hell: Depths:1

Annotations:
D:13 2 transporters, osoart's ghost, journeyman DsHu
Lair:4 2 transporters, PublicDefender's ghost, journeyman HOFi


Innate Abilities, Weirdness & Mutations

You have a pair of large horns on your head.
You are completely covered in icy blue scales. (AC +4, rC+)
You sometimes emit foul miasma when damaged in melee.
You regenerate magic rapidly.
You punish those that try to bend your will. (Will+)


Message History

Something hits your deep troll earth mage zombie!!
Something bites your deep troll earth mage zombie.
Something hits your deep troll earth mage zombie!!
Your martyred shade wails in agony as it relives its own death.
Something bites your deep troll earth mage zombie!
Something hits your deep troll earth mage zombie.
Something bites your deep troll earth mage zombie!
Your deep troll earth mage zombie is destroyed!
Your ice dragon zombie bites the vampire knight but does no damage.
Your ice dragon zombie claws the vampire knight.
Your ice dragon zombie tramples the vampire knight but does no damage.
Your necromancer zombie hits the vampire knight but does no damage.
Your flayed ghost looks friendly.
Casting: Martyr's Knell (safe; 1% risk of failure)
Confirm with . or Enter, or press ? or * to list all spells.
Aiming: Borgnjor's Vile Clutch (mildly dangerous; 1% risk of failure)
Press: ? - help, Shift-Dir - straight line, f - vampire knight
Aim: a vampire knight, wielding a +0 glaive and wearing a +0 chain mail (blue smoke, lightly damaged, fast, ally target, 100% to hit)
You feel a surge of power!
Your flayed ghost is unaffected.
Zombie hands grab the vampire knight.
The zombie hands constrict the vampire knight.
The vampire knight hits you from afar with a +0 glaive.
* * * LOW HITPOINT WARNING * * *
Your flayed ghost hits the vampire knight!
The vampire knight hits you but does no damage.
The zombie hands constrict the vampire knight.
Your ice dragon zombie bites the vampire knight.
Your ice dragon zombie claws the vampire knight but does no damage.
Your ice dragon zombie tramples the vampire knight.
The vampire knight is held in place!
Your flayed ghost hits the vampire knight!
The zombie hands constrict the vampire knight, but do no damage.
The vampire knight hits you from afar with a +0 glaive!!
* * * LOW HITPOINT WARNING * * *
Something hits your ice dragon zombie!
Your flayed ghost completely misses the vampire knight.
The vampire knight hits you from afar with a +0 glaive!
You die...
Kikubaaqudgha rasps: "You have failed me!
Welcome... death!"

.#####.)§.##
.WZ.{V..DQz2##.###
#W..###.#eVT#....#
#. #.#T{Q{Z...#
###ZZWz....#
#?§§#....#
#ZVZ#....#


#WWW# .... #@ZZ# ..# ##### # You could see a vampire knight (fast, clutched,
ally target), 3 friendly flayed ghosts, a friendly ice dragon zombie, a friendly
deep elf death mage zombie, a friendly necromancer zombie and a friendly tengu
warrior zombie.

Vanquished Creatures
  A kraken (Shoals:2)
  Frances (D:14)
  Aizul (Spider:4)
  Agnes (D:15)
  A fire giant (Depths:1)
  2 ghost moths (Spider:4)
  An emperor scorpion (Spider:4)
  2 orc warlords (Orc:2)
  A broodmother (Spider:3)
  A very ugly thing (Depths:1)
  2 stone giants
  Nessos (D:15)
  Azrael (D:12)
  2 spark wasps (Spider:3)
  2 merfolk javelineers
  A minotaur (Gauntlet)
  Snorg (D:12)
  An entropy weaver (Spider:4)
  Josephine (D:10)
  A jiangshi (Depths:1)
  2 fire dragons
  2 hydras
  2 ice dragons
  A jorogumo (Spider:1)
  4 centaur warriors
  3 merfolk avatars
  2 satyrs (Shoals:4)
  3 two-headed ogres
  A deep troll shaman (Depths:1)
  4 tengu warriors
  3 boulder beetles
  5 orc high priests (Orc:2)
  2 demonic crawlers
  6 death yaks (IceCv)
  Sonja (Lair:2)
  An occultist (Depths:1)
  4 skysharks
  A pharaoh ant (Spider:1)
  2 iron trolls (Depths:1)
  Lodul (D:10)
  6 sea snakes
  A spriggan rider (Depths:2)
  An orb spider (Spider:3)
  A glowing orange brain (Depths:1)
  3 deep trolls (Depths:1)
  2 large abominations (Gauntlet)
  2 lindwurms (Lair:5)
  An orc knight (Orc:2)
  16 ugly things
  A salamander (Depths:1)
  7 orc sorcerers
  6 deep elf pyromancers
  6 harpies
  8 wolf spiders
  7 fauns
  2 elephants (Lair:5)
  4 cyclopes
  Maurice (Orc:2)
  2 meliai (Spider:4)
  7 manticores
  The ghost of baller8008 the Magician, a novice DECj of Sif Muna (D:6)
  An ice statue (IceCv)
  3 black mambas
  6 torpor snails
  5 merfolk sirens
  2 gargoyles
  9 cane toads
  2 unseen horrors (D:11)
  5 rime drakes
  A yaktaur (D:14)
  2 ice devils (D:13)
  Psyche (D:10)
  9 komodo dragons
  A tengu conjurer (Depths:1)
  2 polar bears (IceCv)
  5 wind drakes
  6 trolls
  13 merfolk
  4 hornets
  The ghost of BirdDuck the Basher, an amateur GnWn (D:5)
  6 tarantellas
  An ettin zombie (Depths:1)
  13 blink frogs
  5 snapping turtles
  8 culicivoras
  2 centaur simulacra (Gauntlet)
  2 shadows
  10 jumping spiders
  3 laughing skulls (Gauntlet)
  A spriggan (Depths:2)
  48 yaks
  A vampire (D:13)
  A spriggan (shapeshifter) (Depths:1)
  Sigmund (D:6)
  9 slime creatures
  6 wyverns
  4 wraiths
  A water elemental (Shoals:4)
  A ynoxinul (D:5)
  16 redbacks
  5 basilisks
  A fire elemental (D:12)
  A steam dragon (D:8)
  7 vampire mosquitoes
  2 wargs (Orc:2)
  14 water moccasins
  An acid dragon (D:13)
  A hell hound (D:12)
  18 orc warriors
  An ice beast (D:8)
  A meliai simulacrum (Gauntlet)
  16 ogres
  A blink frog zombie (Lair:3)
  2 orc zombies (Orc:2)
  3 black bears
  6 centaurs
  19 wolves
  2 phantoms
  A kobold brigand (D:8)
  5 small abominations (Gauntlet)
  A nameless horror (Depths:1)
  8 bullfrogs
  A gnoll sergeant (D:11)
  2 scorpions (D:5)
  5 wights (D:7)
  A hornet simulacrum (Gauntlet)
  17 killer bees
  3 electric eels
  A howler monkey (D:14)
  A hound (D:5)
  8 orc priests
  5 jellies
  2 iguanas
  A sleepcap (D:5)
  7 hell rats (Lair:2)
  11 orc wizards
  8 adders
  10 gnolls
  A shadow imp (D:6)
  4 white imps
  A ribbon worm (D:3)
  29 orcs
  6 endoplasms
  2 giant cockroaches
  7 goblins
  6 hobgoblins
  2 jackals (D:1)
  7 quokkas
  6 ball pythons
  5 bats
  2 frilled lizards
  6 kobolds
  4 rats
  2 tentacles (Shoals:2)
666 creatures vanquished.

Vanquished Creatures (collateral kills)
  A lich (Depths:1)
  3 sphinxes (Shoals:4)
  Roxanne (D:15)
  A frost giant (IceCv)
  A juggernaut zombie (Depths:1)
  A fire giant (Depths:1)
  3 emperor scorpions
  A spriggan defender (Depths:2)
  A formless jellyfish (Shoals:4)
  4 broodmothers
  3 stone giants
  A vampire knight (Depths:1)
  A minotaur (Shoals:4)
  A spark wasp (Spider:4)
  A deep elf death mage (Depths:2)
  2 ettins (Depths:1)
  2 fire dragons (Depths:1)
  2 entropy weavers
  A jiangshi (Depths:1)
  5 hydras
  A rakshasa (Depths:1)
  Fannar (D:11)
  4 vault guards (D:14)
  An ice dragon (Depths:1)
  3 spriggan air magi
  A salamander tyrant (Depths:1)
  A catoblepas (D:15)
  4 jorogumos
  2 alligator snapping turtles (Shoals:4)
  4 merfolk avatars
  Erica (Lair:1)
  A radroach (Spider:4)
  3 centaur warriors
  A boulder beetle (Lair:2)
  A merfolk aquamancer (Shoals:4)
  2 vampire magi (Depths:1)
  2 death yaks (IceCv)
  3 tengu warriors
  11 satyrs
  3 deep troll earth magi
  2 demonic crawlers (Spider:3)
  A spriggan berserker (Depths:1)
  2 occultists
  A titan zombie (Depths:1)
  Nergalle (D:10)
  3 iron trolls (Depths:1)
  2 skysharks
  2 pharaoh ants (Spider:1)
  A sea snake (Shoals:1)
  A spriggan rider (Depths:2)
  A swamp dragon (Lair:5)
  4 deep trolls (Depths:1)
  3 sun moths (Spider:4)
  6 orb spiders
  9 harpies
  A lindwurm (Lair:5)
  4 steelbarb worms
  2 necromancers (Depths:1)
  A fire giant zombie (Depths:1)
  An ugly thing (Depths:1)
  8 wolf spiders
  2 orc sorcerers
  4 fauns (Shoals:4)
  4 meliai (Spider:4)
  3 salamanders (Depths:1)
  5 manticores
  2 merfolk sirens
  2 elephants (Lair:5)
  2 black mambas
  A cane toad (Lair:5)
  3 torpor snails (Spider:1)
  A frost giant skeleton (Depths:1)
  7 rime drakes
  10 komodo dragons
  A tengu conjurer (D:15)
  A spriggan skeleton (Depths:1)
  14 merfolk
  A merfolk (shapeshifter) (Depths:2)
  A wind drake (Shoals:3)
  3 tyrant leeches (Lair:5)
  3 polar bears (IceCv)
  8 hornets
  14 blink frogs
  2 snapping turtles (Shoals:3)
  9 tarantellas
  13 jumping spiders
  4 slime creatures
  9 culicivoras
  2 water elementals (Shoals:4)
  2 fire bats (Depths:1)
  A wraith (D:10)
  2 spriggans (Depths:1)
  13 yaks
  2 fire elementals (D:12)
  2 basilisks
  A steam dragon (Lair:5)
  63 redbacks
  A vampire mosquito (D:12)
  3 water moccasins
  An acid dragon (Lair:5)
  A sky beast (shapeshifter) (D:14)
  A swamp drake (Lair:5)
  5 orc warriors
  A black bear (Lair:3)
  2 ogres (Orc:2)
  3 wolves
  A bullfrog (Lair:4)
  A gnoll sergeant (D:10)
  A scorpion (D:5)
  A gnoll bouda (D:9)
  3 orc priests
  5 hell rats (Lair:2)
  4 iguanas (Lair:5)
  5 gnolls
  5 orcs
403 creatures vanquished.

Vanquished Creatures (others)
  A ghost moth (Spider:1)
  A stone giant (Depths:2)
  An ettin (Depths:1)
  A very ugly thing zombie (Depths:1)
  2 ice dragons
  A kraken zombie (Shoals:2)
  A centaur warrior (Shoals:4)
  A deep troll earth mage (Depths:2)
  A tengu warrior (Depths:2)
  An emperor scorpion zombie (Spider:4)
  A skyshark (Shoals:2)
  A fire crab (D:15)
  A ghost moth zombie (Spider:4)
  A sea snake (Shoals:4)
  A necromancer (Depths:2)
  2 wolf spider zombies
  A harpy (shapeshifter) (Depths:1)
  4 ugly thing zombies
  A fire giant zombie (Depths:1)
  A manticore (Shoals:4)
  A stone giant zombie (Depths:2)
  A cane toad (Lair:5)
  A minotaur zombie (Shoals:4)
  An alligator snapping turtle zombie (Shoals:4)
  A death yak zombie (IceCv)
  An unseen horror zombie (D:11)
  A yaktaur (D:15)
  A komodo dragon (D:15)
  A sea snake zombie (Shoals:4)
  19 redback zombies
  2 orb spider zombies (Spider:4)
  2 hydra zombies
  7 harpy zombies
  A troll (D:11)
  A tarantella (Spider:1)
  5 culicivora zombies
  2 ice dragon zombies (Depths:1)
  3 satyr zombies (Shoals:4)
  An ettin zombie (Depths:1)
  A wind drake (Shoals:4)
  4 deep troll zombies
  3 jumping spider zombies
  4 tarantella zombies
  A boulder beetle zombie (Spider:3)
  A culicivora (Spider:1)
  2 black mamba zombies
  3 spriggan zombies (Depths:2)
  A wind drake zombie (Shoals:4)
  A redback (Spider:1)
  A faun zombie (Shoals:4)
  A tengu zombie (Depths:2)
  6 merfolk zombies
  2 human zombies
  A fire bat zombie (Depths:1)
  4 cane toad zombies
  3 hornet zombies
  3 manticore zombies (Shoals:4)
  6 blink frog zombies
  A centaur (D:10)
  A torpor snail zombie (Lair:5)
  2 rime drake zombies
  5 vampire mosquito zombies
  A bullfrog (Lair:5)
  A komodo dragon zombie (Lair:5)
  3 water moccasin zombies
  A warg zombie (Orc:2)
  13 yak zombies
  7 wolf zombies
  A bullfrog zombie (Lair:5)
  2 centaur zombies
  A hound (D:5)
  2 iguanas
  3 ogre zombies
  A sky beast zombie (D:14)
  5 hell rat zombies (Lair:2)
  An adder (D:15)
  18 orc zombies
  An orc (D:11)
  4 gnoll zombies
  A kobold (D:15)
  3 tentacles (Shoals:2)
203 creatures vanquished.

Grand Total: 1272 creatures vanquished

Notes
Turn   | Place    | Note
-------+----------+-------------------------------------------
     0 | D:1      | Khashishi the Demonspawn Wanderer began the quest for the
                  | Orb.
     0 | D:1      | Khashishi set off with the following items: a +0 flail, a
                  | wand of polymorph (3), a potion of curing, a +0 leather
                  | armour; and the following spell memorised: Shock; and the
                  | following spells available to memorise: Swiftness.
     0 | D:1      | Reached XP level 1. HP: 15/15 MP: 3/3
   194 | D:1      | Gained mutation: You have a pair of small horns on your
                  | head. [demonic ancestry]
   194 | D:1      | Reached XP level 2. HP: 21/21 MP: 1/5
   686 | D:2      | Reached XP level 3. HP: 26/27 MP: 6/6
   981 | D:2      | Found a sacrificial altar of Ru.
  1014 | D:2      | Became a worshipper of Ru the Awakened
  1230 | D:3      | Found Falicw Teutz's General Store.
  1233 | D:3      | Bought 2 potions of heal wounds for 100 gold pieces
  1260 | D:3      | Reached skill level 1 in Armour
  1395 | D:3      | Gained mutation: You regenerate magic rapidly. [demonic
                  | ancestry]
  1395 | D:3      | Reached XP level 4. HP: 33/33 MP: 1/7
  1508 | D:3      | Found Jeatewah's Assorted Antiques.
  1514 | D:3      | Bought a glowing ruby potion for 19 gold pieces
  1553 | D:3      | Found Ymyn's Antique Weapon Boutique.
  1578 | D:3      | Found Learaal's Armour Boutique.
  1745 | D:3      | Found The Oracle's Delphic Readings.
  1749 | D:3      | Bought a scroll of teleportation for 39 gold pieces
  1842 | D:3      | Learned a level 2 spell: Blink
  2009 | D:3      | Found Ymiupp's Armour Shoppe.
  2505 | D:4      | Noticed a black bear
  2903 | D:5      | Entered Level 5 of the Dungeon
  2928 | D:5      | Noticed a scorpion
  2939 | D:5      | Killed a scorpion
  2940 | D:5      | Reached skill level 1 in Translocations
  2940 | D:5      | Gained mutation: You may rarely emit foul miasma when
                  | damaged in melee. [demonic ancestry]
  2940 | D:5      | Reached XP level 5. HP: 39/41 MP: 4/8
  2997 | D:5      | Found a runed translucent door.
  3002 | D:5      | Noticed BirdDuck's ghost (amateur GnWn)
  3004 | D:5      | Noticed a yak
  3079 | D:5      | Noticed an ogre
  3369 | D:5      | Noticed Grinder
  3382 | D:5      | Found a shadowy altar of Dithmenos.
  3404 | D:5      | Gained mutation: You are partially covered in icy blue
                  | scales. (AC +2) [demonic ancestry]
  3404 | D:5      | Reached XP level 6. HP: 18/47 MP: 5/9
  3450 | D:5      | Grinder changed into Grinder the ynoxinul
  3450 | D:5      | Noticed Grinder
  3639 | D:5      | Gained mutation: You sometimes emit foul miasma when
                  | damaged in melee. [demonic ancestry]
  3639 | D:5      | Reached XP level 7. HP: 47/54 MP: 6/10
  3687 | D:3      | Bought a crystal hand axe for 160 gold pieces
  3687 | D:3      | Identified the +9 hand axe of the Inviting Firefly {speed,
                  | rElec Str+3 Dex+3} (You bought it in a shop on level 3 of
                  | the Dungeon)
  3933 | D:5      | Reached skill level 1 in Axes
  4265 | D:6      | Noticed a hornet
  4268 | D:6      | Noticed baller8008's ghost (novice DECj)
  4278 | D:6      | Found a transporter.
  4280 | D:6      | Found a transporter.
  4394 | D:6      | Noticed Sigmund
  4400 | D:6      | Killed Sigmund
  4427 | D:7      | Reached skill level 5 in Fighting
  4427 | D:7      | Gained mutation: You have a pair of horns on your head.
                  | [demonic ancestry]
  4427 | D:7      | Reached XP level 8. HP: 62/62 MP: 11/13
  4692 | D:7      | Reached skill level 1 in Shields
  4706 | D:7      | Found a staircase to the Ecumenical Temple.
  4733 | Temple   | Entered the Ecumenical Temple
  4852 | Temple   | Fell from the grace of Ru
  4852 | Temple   | Became a worshipper of Kikubaaqudgha
  4987 | D:7      | Gained mutation: You are mostly covered in icy blue scales.
                  | (AC +3) [demonic ancestry]
  4987 | D:7      | Reached XP level 9. HP: 56/70 MP: 15/15
  5157 | D:5      | Killed Grinder the ynoxinul
  5163 | D:5      | Learned a level 4 spell: Dispel Undead
  5376 | D:3      | Bought a potion of lignification for 30 gold pieces
  5456 | D:3      | Bought a scroll labelled MAAL FETOVUNT for 22 gold pieces
  5456 | D:3      | Bought a scroll labelled YFULARARHU for 22 gold pieces
  5547 | D:5      | Killed BirdDuck's ghost
  5548 | D:5      | Reached skill level 1 in Necromancy
  5638 | D:8      | Reached skill level 2 in Necromancy
  5753 | D:8      | Reached skill level 5 in Axes
  6089 | D:8      | Reached * piety under Kikubaaqudgha
  6089 | D:8      | Received a gift from Kikubaaqudgha
  6113 | D:8      | Learned a level 4 spell: Animate Dead
  6117 | D:8      | Learned a level 3 spell: Vampiric Draining
  6309 | D:9      | Noticed a troll
  6327 | D:9      | Killed a troll
  6328 | D:9      | Reached skill level 3 in Necromancy
  6483 | D:9      | Reached XP level 10. HP: 69/79 MP: 12/16
  6515 | D:9      | Found a basalt altar of Yredelemnul.
  6515 | D:9      | Found an ornate altar of the Wu Jian Council.
  6516 | D:9      | Found a hazy altar of Hepliaklqana.
  6907 | D:10     | Entered Level 10 of the Dungeon
  7053 | D:10     | Reached skill level 4 in Necromancy
  7053 | D:10     | Noticed Josephine
  7088 | D:10     | Killed Josephine
  7088 | D:10     | Reached ** piety under Kikubaaqudgha
  7089 | D:10     | Reached skill level 5 in Shields
  7204 | D:10     | Reached skill level 5 in Necromancy
  7211 | D:10     | Reached XP level 11. HP: 76/87 MP: 12/17
  7261 | D:10     | Noticed Lodul
  7277 | D:10     | Killed Lodul
  7281 | D:10     | Reached skill level 6 in Necromancy
  7451 | D:10     | Noticed Psyche
  7465 | D:10     | Noticed Nergalle
  7498 | D:10     | Killed Psyche
  7506 | D:10     | Killed Nergalle
  7541 | D:10     | Found a shimmering blue altar of Sif Muna.
  7606 | D:11     | Noticed a two-headed ogre
  7889 | D:6      | Killed baller8008's ghost
  7899 | D:6      | Reached *** piety under Kikubaaqudgha
  7899 | D:6      | Received a gift from Kikubaaqudgha
  8173 | D:11     | Found a transporter.
  8175 | D:11     | Found a transporter.
  8183 | D:11     | Noticed a boulder beetle
  8235 | D:11     | Killed a boulder beetle
  8236 | D:11     | Reached skill level 7 in Necromancy
  8243 | D:11     | Found a transporter.
  8247 | D:11     | Found a transporter.
  8263 | D:11     | Killed a two-headed ogre
  8316 | D:11     | Noticed Fannar
  8343 | D:11     | Killed Fannar
  8483 | D:11     | Reached skill level 10 in Fighting
  8486 | D:11     | Reached skill level 8 in Necromancy
  8512 | D:11     | Found a staircase to the Lair.
  8534 | D:11     | Reached XP level 12. HP: 83/97 MP: 15/18
  8592 | D:11     | Found a transporter.
  8596 | D:11     | Found a transporter.
  8609 | D:11     | Noticed a two-headed ogre
  8613 | D:11     | Killed a two-headed ogre
  8849 | Lair:1   | Entered Level 1 of the Lair of Beasts
  8887 | Lair:1   | Reached skill level 9 in Necromancy
  9041 | Lair:1   | Reached **** piety under Kikubaaqudgha
  9212 | Lair:1   | Noticed Erica
  9222 | Lair:1   | Killed Erica
  9451 | Lair:1   | Reached skill level 5 in Spellcasting
  9808 | Lair:2   | Noticed a boulder beetle
  9824 | Lair:2   | Killed a boulder beetle
  9825 | Lair:2   | Reached skill level 10 in Necromancy
  9894 | Lair:2   | Learned a level 6 spell: Death Channel
  9906 | Lair:2   | Noticed Sonja
  9917 | Lair:2   | Killed Sonja
  9935 | Lair:2   | Noticed a six-headed hydra
  9953 | Lair:2   | Killed a six-headed hydra
  9960 | Lair:2   | Reached XP level 13. HP: 106/106 MP: 21/21
 10012 | Lair:2   | Found a hole to the Spider Nest.
 10348 | Lair:2   | Identified 3 scrolls of acquirement
 10514 | Lair:2   | Reached ***** piety under Kikubaaqudgha
 10600 | Lair:2   | Found a staircase to the Shoals.
 10604 | Lair:2   | Reached skill level 10 in Axes
 10739 | Lair:3   | Acquired a +1 hat
 10746 | Lair:3   | Acquired 816 gold pieces
 10748 | Lair:3   | Acquired the ring "Lyz Esh" {rElec rF+ rN+ Str+2 Int+4}
 10908 | Lair:3   | Learned a level 5 spell: Agonizing Touch
 11031 | Lair:3   | Reached skill level 11 in Necromancy
 11730 | Lair:4   | Found a transporter.
 11733 | Lair:4   | Noticed PublicDefender's ghost (journeyman HOFi)
 12099 | Lair:4   | Found a staircase to the Slime Pits.
 12100 | Lair:4   | Found a viscous altar of Jiyva.
 12218 | Lair:4   | Found a transporter.
 12403 | Lair:5   | Entered Level 5 of the Lair of Beasts
 12701 | Lair:5   | Noticed a fire dragon
 12707 | Lair:5   | Reached XP level 14. HP: 89/116 MP: 16/25
 12709 | Lair:5   | Reached skill level 12 in Necromancy
 13108 | Lair:5   | Found a runed translucent door.
 13725 | D:12     | Reached ****** piety under Kikubaaqudgha
 13760 | D:12     | Noticed Azrael
 13779 | D:12     | Killed Azrael
 14036 | D:12     | Found a staircase to the Orcish Mines.
 14084 | D:12     | Noticed Snorg
 14097 | D:12     | Killed Snorg
 14359 | D:12     | Received a gift from Kikubaaqudgha
 14433 | Orc:1    | Entered Level 1 of the Orcish Mines
 14497 | Orc:1    | Reached skill level 13 in Necromancy
 14987 | Orc:2    | Entered Level 2 of the Orcish Mines
 14987 | Orc:2    | Found Yragukif's Book Emporium.
 15013 | Orc:2    | Paralysed by an orc sorcerer for 3 turns
 15037 | Orc:2    | Found Inimi Roh's Antique Weapon Emporium.
 15061 | Orc:2    | Paralysed by an orc sorcerer for 3 turns
 15089 | Orc:2    | Noticed an orc warlord
 15092 | Orc:2    | Found Onapum's General Store.
 15095 | Orc:2    | Noticed an orc warlord
 15109 | Orc:2    | Killed an orc warlord
 15350 | Orc:2    | Gained mutation: You are completely covered in icy blue
                  | scales. (AC +4, rC+) [demonic ancestry]
 15350 | Orc:2    | Reached XP level 15. HP: 123/123 MP: 20/28
 15376 | Orc:2    | Found Sypourch's Jewellery Boutique.
 15383 | Orc:2    | Found Ytyshroec's Antique Armour Shop.
 15387 | Orc:2    | Found a staircase to the Elven Halls.
 15395 | Orc:2    | Noticed Maurice
 15426 | Orc:2    | Killed Maurice
 15448 | Orc:2    | Bought a runed buckler for 285 gold pieces
 15459 | Orc:2    | Bought an embroidered cloak for 285 gold pieces
 15545 | Orc:2    | Found a bloodstained altar of Trog.
 15793 | D:13     | Found a gate leading to a gauntlet.
 15798 | Gauntlet | Entered a Gauntlet
 15798 | Gauntlet | Found a transporter.
 15798 | Gauntlet | Found a runed translucent door.
 15798 | Gauntlet | Found a runed translucent door.
 15805 | Gauntlet | Found a transporter.
 15807 | Gauntlet | Found a transporter.
 15850 | Gauntlet | Found a transporter.
 15898 | Gauntlet | Found a transporter.
 15910 | Gauntlet | Found a transporter.
 15912 | Gauntlet | Found a transporter.
 15926 | Gauntlet | Found a transporter.
 15970 | Gauntlet | Identified the ring "Ixihima" {rN+ Will+ Int+5 Dex+3}
 16005 | Gauntlet | Identified the +5 great mace of Courage {elec, Int+5}
 16005 | Gauntlet | Identified the +5 pearl dragon scales of Benniri {Rampage
                  | +Inv rC++ rN+ Str-5}
 16039 | Gauntlet | Identified the +9 war axe of Tomorrow {heavy, Str+5 Int+2}
 16100 | D:13     | Found a frozen archway.
 16136 | IceCv    | Entered an ice cave
 16308 | IceCv    | Reached skill level 10 in Spellcasting
 16347 | IceCv    | Noticed a frost giant
 16386 | IceCv    | Killed a frost giant
 16534 | IceCv    | Reached skill level 14 in Necromancy
 16695 | D:13     | Found a transporter.
 16701 | D:13     | Noticed a tengu reaver
 16702 | D:13     | Found a transporter.
 16703 | D:13     | Noticed osoart's ghost (journeyman DsHu)
 17225 | D:13     | Upgraded the game from 0.30-a0-1112-gfb780f5df6 to
                  | 0.31-a0-236-g9a0961fb85
 17371 | D:14     | Found a gate to the Vaults.
 17727 | D:14     | Noticed Frances
 17743 | D:14     | Killed Frances
 17852 | D:14     | Learned a level 5 spell: Borgnjor's Vile Clutch
 18533 | D:14     | Upgraded the game from 0.31-a0-236-g9a0961fb85 to
                  | 0.31-a0-1447-g87ca8d402b
 18564 | D:15     | Entered Level 15 of the Dungeon
 18569 | D:15     | Noticed Agnes
 18580 | D:15     | Killed Agnes
 18581 | D:15     | Reached skill level 1 in Earth Magic
 18607 | D:15     | Identified Roxanne's Spellbook of the Cwm
 18607 | D:15     | Noticed Roxanne
 18877 | D:15     | Gained mutation: You have a pair of large horns on your
                  | head. [demonic ancestry]
 18877 | D:15     | Reached XP level 16. HP: 134/134 MP: 20/30
 18881 | D:15     | Reached skill level 15 in Fighting
 18935 | D:15     | Noticed Nessos
 18944 | D:15     | Killed Nessos
 19100 | D:15     | Found a staircase to the Depths.
 19354 | D:15     | Killed Roxanne
 19555 | Shoals:1 | Entered Level 1 of the Shoals
 19629 | Shoals:1 | Got Yruwn's Practical Casting
 19635 | Shoals:1 | Learned a level 4 spell: Martyr's Knell
 19729 | Shoals:1 | Reached skill level 1 in Summonings
 20286 | Shoals:2 | Reached skill level 15 in Necromancy
 20320 | Shoals:2 | Noticed a kraken
 20372 | Shoals:2 | Killed a kraken
 20999 | Shoals:3 | Reached skill level 5 in Armour
 21032 | Shoals:3 | Found Hiceuklu's Self-Improvement Boutique.
 21041 | Shoals:3 | Found Yzynoq's Assorted Antiques.
 21043 | Shoals:3 | Bought a manual of Necromancy for 1040 gold pieces
 21043 | Shoals:3 | Bought a manual of Summonings for 1040 gold pieces
 21445 | Shoals:4 | Entered Level 4 of the Shoals
 21447 | Shoals:4 | Upgraded the game from 0.31-a0-1447-g87ca8d402b to
                  | 0.31-a0-1469-gd420192249
 21554 | Shoals:4 | Identified the +0 leather armour of the Heavens {Dex+2
                  | Stlth+}
 21638 | Shoals:4 | Reached skill level 5 in Summonings
 21706 | Shoals:4 | Found the +3 Elemental Staff {ele, rElec rF+ rC+ AC+3}
 21795 | Shoals:4 | Identified the +4 plate armour of Moral Flaws {rC+}
 21807 | Shoals:4 | Noticed a sphinx
 21807 | Shoals:4 | Noticed a sphinx
 21826 | Shoals:4 | Killed a sphinx
 21827 | Shoals:4 | Reached XP level 17. HP: 112/143 MP: 15/32
 21832 | Shoals:4 | Reached skill level 16 in Necromancy
 21839 | Shoals:4 | Killed a sphinx
 21858 | Shoals:4 | Got an azure gem with 98 turns to spare
 21858 | Shoals:4 | Got a barnacled rune of Zot
 21894 | Shoals:4 | Noticed a sphinx
 21900 | Shoals:4 | Killed a sphinx
 21954 | Shoals:4 | Lost the azure gem through the power of Zot.Gained a life
                  | (5 lives remaining)
 22355 | Spider:1 | Entered Level 1 of the Spider Nest
 22632 | Spider:1 | Learned a level 7 spell: Haunt
 22933 | Spider:2 | Reached skill level 17 in Necromancy
 24137 | Spider:3 | Reached skill level 10 in Summonings
 24255 | Spider:4 | Entered Level 4 of the Spider Nest
 24266 | Spider:4 | Reached skill level 18 in Necromancy
 24746 | Spider:4 | Identified the +0 robe "Inobb" {rPois rF- MP+9 Dex+5}
 24855 | Spider:4 | Gained mutation: You punish those that try to bend your
                  | will. (Will+) [demonic ancestry]
 24855 | Spider:4 | Reached XP level 18. HP: 133/151 MP: 35/35
 24872 | Spider:4 | Identified the serpent talisman of Cisich {rElec rF- rC+
                  | Dex+5}
 24872 | Spider:4 | Noticed Aizul
 24903 | Spider:4 | Killed Aizul
 24978 | Spider:4 | Reached skill level 19 in Necromancy
 25197 | Spider:4 | Identified the +7 morningstar of Embarrassment {protect,
                  | Dex+2}
 25202 | Spider:4 | Identified the +2 hat of the Snake Pit {^Contam rN+++
                  | Will+}
 25334 | Spider:4 | Got a gossamer rune of Zot
 25455 | Lair:2   | Upgraded the game from 0.31-a0-1469-gd420192249 to
                  | 0.31-a0-1499-ge0622b2318
 25660 | Depths:1 | Entered Level 1 of the Depths
 25683 | Depths:1 | Killed a lich
 25684 | Depths:1 | Found a gateway to Hell.
 25735 | Depths:1 | Identified the +0 war axe "Lackosot" {heavy, rC+}
 25968 | Depths:1 | Found a sacrificial altar of Ru.
 26154 | Depths:1 | Learned a level 2 spell: Sublimation of Blood
 26217 | Depths:1 | Found Esit's Assorted Antiques.
 26225 | Depths:1 | Found Jeeck's Book Shop.
 26251 | Depths:1 | Reached skill level 20 in Necromancy
 26506 | Depths:2 | Noticed a dread lich
 26515 | Depths:2 | Noticed a Tzitzimitl
 26568 | Depths:2 | Slain by a vampire knight

Illustrated notes

Levels and vault maps discovered:
D:1:      dpeg_arrival_oval, layout_basic
D:2:      layout_rooms, basic_altar, minmay_strange_pillars
D:3:      layout_loops_corners, serial_shops, nicolae_shop_behind_doors,
          nicolae_square_shop, nicolae_shop_tiny_real_fake_doors,
          nicolae_shop_rolling_square, nicolae_shop_statue_plus,
          nicolae_nh_oracle_at_delphi
D:4:      layout_loops_cross
D:5:      layout_cave_pools, nicolae_dithmenos_shadow_blocks, elyvilon_altar_1,
          ebering_ghost_inner_flame, chequers_serial_rivers_room_a,
          grunt_decor_arrowhead, uniq_grinder
D:6:      layout_rooms, gammafunk_ghost_hive, uniq_sigmund
D:7:      black_bear_nest_2, layout_rooms, temple_green
D:8:      layout_loops_ring
D:9:      layout_long_grid, gammafunk_temple_overflow_claw
D:10:     layout_small_grid, marbit_many_paths, uniq_josephine, uniq_lodul,
          uniq_nergalle, uniq_psyche
D:11:     layout_irregular_city, minmay_lair_entry_grove, serial_nicolae_subway,
          nicolae_sub_station_stone, nicolae_sub_station_crystal,
          nicolae_sub_station_metal, uniq_fannar
D:12:     layout_irregular_city, orc_0_dummy, uniq_snorg, uniq_azrael
D:13:     layout_basic, portal_ice_cave_demonic_guard, gammafunk_ghost_arena,
          gauntlet_entry_generic
D:14:     layout_layer_cave, lightli_vaults_fourway_checkpoint, moated_statue,
          uniq_frances
D:15:     grunt_enter_depths_snipers, layout_irregular_city,
          good_gods_mini_temple, uniq_agnes, uniq_nessos, uniq_roxanne
Temple:   lightli_temple_of_artemis
Lair:1:   layout_roguey, st_stairs_12, beast_lair_carwin_1,
          serial_bayou_shore_a, grunt_megastairs_5, serial_bayou_shore_b,
          uniq_erica
Lair:2:   layout_gridlike, nicolae_shoals_entry_roost,
          nicolae_spider_entry_tight_spaces, uniq_sonja
Lair:3:   layout_regular_city, st_stairs_7, grunt_megastairs_2
Lair:4:   layout_long_grid, slime_entry_1, gammafunk_ghost_berserking_beasts,
          grunt_megastairs_1
Lair:5:   wormcave, layout_regular_city, guppyfry_lair_end_dragon, minivault_25,
          chequers_serial_rivers_micro_a
Shoals:1: layout_shoals
Shoals:2: layout_shoals, nicolae_shoals_nautilus_by_nature
Shoals:3: layout_shoals, serial_shops, nicolae_shop_just_a_little_nook,
          nicolae_shop_self_help
Shoals:4: shoals_end_hellmonk_lost_city
Spider:1: layout_spider_delve
Spider:2: layout_spider_delve, nicolae_spider_claw_tunnel
Spider:3: layout_cave_pods, nicolae_spider_cling_halls
Spider:4: guppyfry_spider_rune, nicolae_spider_baby_got_redback, uniq_aizul
Orc:1:    layout_caves
Orc:2:    grunt_orc_gardens, layout_caves, grunt_orc_garden, grunt_orc_garden,
          grunt_orc_garden, grunt_orc_garden, serial_shops,
          nicolae_shop_gaudy_bauble, basic_altar, uniq_maurice
Depths:1: layout_cave_pools, hell_entry, nicolae_ru_path_of_blood,
          serial_bayou_pond_e, st_stairs_7, lemuel_nasty_fountain,
          minmay_shop_star, serial_bayou_shore_b
Depths:2: hangedman_box_tower, layout_basic, enter_ziggurat_d, special_room
          [special_room_morgue], grunt_pan_entry_sceptre,
          kiku_gazebo_garden_becter, grunt_hell_entry_dis_mu,
          minmay_room_of_horrors, minmay_staircase_windowed_small

Skill      XL: |  1  2  3  4  5  6  7  8  9 10 11 12 13 14 15 16 17 18 |
---------------+-------------------------------------------------------+-----
Maces & Flails | 3 4 |  4.6
Fighting       | 2 3 4 5 6 7 8 10 11 12 13 14 15 16 | 16.0
Armour         | 1 3 4 5 6 |  6.7
Air Magic      | 2 |  2.0
Translocations | 1 2 3 4 |  4.0
Axes           | 2 4 5 6 8 9 11 12 13 | 13.6
Spellcasting   | 3 4 5 7 9 10 11 13 14 | 14.3
Shields        | 2 4 5 6 |  6.0
Necromancy     | 3 5 8 10 11 13 14 15 18 20 | 20.2
Dodging        | 3 4 |  4.0
Earth Magic    | 2 3 |  3.2
Summonings     | 5 10 14 | 14.2
Evocations     | |  2.1

Action                     |  1- 3 |  4- 6 |  7- 9 | 10-12 | 13-15 | 16-18 || total
---------------------------+-------+-------+-------+-------+-------+-------++-------
  Melee: Flail             |    94 |   114 |       |       |       |       ||   208
         Headbutt          |     8 |    16 |    54 |   111 |   295 |   193 ||   677
         Punch             |       |     1 |     2 |       |       |       ||     3
         Hand axe          |       |       |   212 |   490 |  1163 |   472 ||  2337
         Unarmed           |       |       |       |     4 |       |       ||     4
         Staff             |       |       |       |       |       |   106 ||   106
  Throw: Dart              |       |       |       |       |    33 |     6 ||    39
         Boomerang         |       |       |       |       |    16 |       ||    16
         Throwing net      |       |       |       |       |     1 |       ||     1
   Cast: Shock             |    16 |    42 |    19 |     2 |    27 |       ||   106
         Blink             |       |     1 |       |       |       |     7 ||     8
         Animate Dead      |       |       |       |     8 |    19 |    32 ||    59
         Vampiric Draining |       |       |       |    10 |    15 |    43 ||    68
         Death Channel     |       |       |       |       |    33 |    55 ||    88
         Agonizing Touch   |       |       |       |       |     6 |       ||     6
         Dispel Undead     |       |       |       |       |     3 |     4 ||     7
         Borgnjor's Vile C |       |       |       |       |     3 |    97 ||   100
         Curse of Agony    |       |       |       |       |     1 |     9 ||    10
         Martyr's Knell    |       |       |       |       |       |    78 ||    78
         Haunt             |       |       |       |       |       |    37 ||    37
         Sublimation of Bl |       |       |       |       |       |     9 ||     9
 Invoke: Unearth Wretches  |       |       |       |     1 |     5 |    12 ||    18
         Receive Forbidden |       |       |       |       |     1 |       ||     1
  Evoke: Wand              |       |     8 |     5 |    24 |    12 |    15 ||    64
         Lightning rod     |       |       |       |       |    14 |     8 ||    22
         Phial of floods   |       |       |       |       |     3 |       ||     3
         Box of beasts     |       |       |       |       |     2 |     2 ||     4
    Use: Potion            |       |     1 |       |     1 |     3 |    16 ||    21
         Scroll            |       |     5 |    13 |     9 |    10 |     5 ||    42
   Stab: Distracted        |       |     1 |     1 |     8 |    20 |    18 ||    48
         Paralysed         |       |     3 |       |     1 |     8 |    11 ||    23
         Sleeping          |       |       |     2 |       |       |       ||     2
         Betrayed ally     |       |       |     1 |       |       |       ||     1
         Invisible         |       |       |       |       |     2 |       ||     2
 Armour: Leather armour    |     6 |       |       |       |       |       ||     6
         Chain mail        |    14 |       |       |       |       |       ||    14
         Scale mail        |    14 |       |       |       |       |       ||    14
         Robe              |       |    25 |    41 |       |       |    80 ||   146
         Troll leather arm |       |       |       |    46 |   200 |   417 ||   663
         Skin              |       |       |       |    21 |    19 |     1 ||    41
  Dodge: Dodged            |    42 |    74 |    95 |   263 |   523 |   287 ||  1284
  Block: Buckler           |       |       |    19 |    82 |   198 |   200 ||   499

Table legend: (Time is in decaauts)
 A = Elapsed time spent in this place.
 B = Non-inter-level travel time spent in this place.
 C = Inter-level travel time spent in this place.
 D = Time resting spent in this place.
 E = Time spent auto-exploring this place.
 F = Levels seen in this place.
 G = Mean time per level.
                   A        B        C        D        E       F      G
               +--------+--------+--------+--------+--------+-----+--------+
         Total |  25831 |  23130 |   2701 |    207 |  11532 |  35 |  738.0 |
       Dungeon |  12297 |  10849 |   1448 |     64 |   6222 |  15 |  819.8 |
        Temple |    130 |    130 |      0 |      0 |     73 |   1 |  130.0 |
          Lair |   4966 |   4445 |    521 |      0 |   2364 |   5 |  993.2 |
        Shoals |   2634 |   2400 |    234 |     29 |   1158 |   4 |  658.5 |
   Spider Nest |   3121 |   2702 |    419 |      0 |    730 |   4 |  780.2 |
  Orcish Mines |   1156 |   1091 |     65 |      2 |    704 |   2 |  578.0 |
        Depths |    867 |    855 |     12 |    112 |    215 |   2 |  433.5 |
      Ice Cave |    439 |    439 |      0 |      0 |     66 |   1 |  439.0 |
      Gauntlet |    218 |    218 |      0 |      0 |      0 |   1 |  218.0 |
               +--------+--------+--------+--------+--------+-----+--------+

Top non-repeatable levels by time:
     D:3: 1413 daAuts
    D:14: 1292 daAuts
  Lair:2: 1195 daAuts
  Lair:5: 1141 daAuts
Spider:4: 1122 daAuts
  Lair:1: 1014 daAuts
     D:5: 945 daAuts
     D:4: 845 daAuts
    D:11: 843 daAuts
  Lair:3: 827 daAuts
    D:10: 806 daAuts
Depths:1: 791 daAuts
  Lair:4: 788 daAuts
Shoals:2: 783 daAuts
    D:13: 780 daAuts
